 Dungeon Crawl Stone Soup version 0.29-a0-330-g52719c12eb (webtiles) character file.

Game seed: 15552375273225918661

101 kae the Firebug (level 4, -1/33 HPs)
             Began as an Octopode Fire Elementalist on Apr 18, 2022.
             Slain by an adder (3 damage)
             ... on level 2 of the Dungeon.
             The game lasted 00:00:46 (2020 turns).

kae the Firebug (Octopode Fire Elementalist)        Turns: 2020, Time: 00:00:47

Health: -1/33      AC:  1    Str:  7    XL:     4   Next: 75%
Magic:  3/10       EV: 14    Int: 21    God:
Gold:   81         SH:  0    Dex: 12    Spells: 5/11 levels left

rFire   . . .      SeeInvis .   b - +0 dagger
rCold   . . .      Faith    .   (no shield)
rNeg    . . .      Spirit   .   f - +0 hat
rPois   .          Reflect  .   (no amulet)
rElec   .          Harm     .   (no ring)
rCorr   .          Rampage  .   (no ring)
Will    .....                   (no ring)
Stlth   +++++.....              (no ring)
HPRegen 0.11/turn               (no ring)
MPRegen 0.12/turn               (no ring)
                                (no ring)
                                (no ring)

@: very slightly contaminated
A: almost no armour, amphibious, 8 rings, camouflage 2, gelatinous body 1,
(nimble swimmer 1), tentacles, clever 1, deterioration 1, wild magic 1
a: no special abilities


You were on level 2 of the Dungeon.
You visited 1 branch of the dungeon, and saw 2 of its levels.

You collected 81 gold pieces.

Inventory:

Hand Weapons
 b - a +0 dagger (weapon)
Armour
 f - a +0 hat (worn)
Scrolls
 e - a scroll of magic mapping {unknown}
 g - a scroll of identify {unknown}
Potions
 a - a potion of magic
 c - 2 potions of mutation


   Skills:
 + Level 4.0 Fighting
 + Level 4.4 Dodging
 + Level 6.4 Stealth
 + Level 4.2 Spellcasting
 + Level 4.0 Conjurations
 * Level 6.6 Fire Magic


You had 5 spell levels left.
You knew the following spells:

 Your Spells              Type           Power      Damage    Failure   Level
a - Foxfire               Conj/Fire      100%       2x1d9     2%          1
b - Scorch                Fire           84%        2d9       2%          2
c - Conjure Flame         Conj/Fire      35%        6-21      6%          3

Your spell library contained the following spells:

 Spells                   Type           Power      Damage    Failure   Level
 Inner Flame              Hex/Fire       23%        N/A       13%         3
 Flame Wave               Conj/Fire      35%        2d8       19%         4
 Malign Gateway           Summ/Tloc      2%         N/A       100%        7
 Summon Horrible Things   Summ           2%         N/A       100%        8


Dungeon Overview and Level Annotations

Branches:
Dungeon (2/15)

Altars:


Innate Abilities, Weirdness & Mutations

You cannot wear most types of armour.
You are amphibious.
You can wear up to eight rings at the same time.
Your skin blends seamlessly with your surroundings (Stealth++).
Your rubbery body absorbs attacks. (AC +1, EV +1)
((You are camouflaged when in or above water. (Stealth+)))
You have tentacles for arms and can constrict up to eight enemies at once.
Your mind is acute. (Int +2)
Your body sometimes deteriorates upon taking damage.
Your spells are a little harder to cast, but a little more powerful.


Message History

You are too injured to fight recklessly!
There are monsters nearby!
You are too injured to fight recklessly!
You are too injured to fight recklessly!
You are too injured to fight recklessly!
You are too injured to fight recklessly!
Casting: Foxfire (safe; 6% risk of failure)
Confirm with . or Enter, or press ? or * to list all spells.
You miscast Foxfire.
You are very lightly contaminated with residual magic.
Nothing appears to happen.
You feel sick. The adder closely misses you. The kobold closely misses you.
It was a potion of mutation.
You feel extremely strange.
You feel less in control of your magic.
You feel yourself wasting away.
You feel clever.
Your natural camouflage becomes more effective.
You feel sick. The adder barely misses you.
The kobold hits you with a +0 dagger.
* * * LOW HITPOINT WARNING * * *
It was a potion of experience.
You feel more experienced!
Your Fighting skill gained 4 levels and is now at level 4!
Your Dodging skill gained 2 levels and is now at level 4!
Your Stealth skill gained 3 levels and is now at level 6!
Your Spellcasting skill gained 2 levels and is now at level 4!
Your Conjurations skill gained 3 levels and is now at level 4!
Your Fire Magic skill gained 3 levels and is now at level 6!
You have reached level 4!
You feel sick. The adder closely misses you. The bat hits you.
* * * LOW HITPOINT WARNING * * *
The kobold barely misses you. The adder closely misses you.
Unknown command.
Unknown command.
The kobold attacks as you move away! The kobold misses you.
You feel sick.
You are no longer poisoned.
The bat hits you.
* * * LOW HITPOINT WARNING * * *
Okay, then.
The adder attacks as you move away! The adder bites you.
You die...

.........###....#
##.####### #.####
#.# #.# #†#
##.####### ...
#........##
....#..####b..#
#..........#
##.#.#.#@#..#
.........SK...#
.###.#.#.#.#..#
#...........#
#.#.#.#.#.#..#
..##..........#
.# #.#?#.#.#.##
#.........#
###..######


You could see an adder, a bat and a kobold.

Vanquished Creatures
  An adder (D:2)
  2 dart slugs
  5 ball pythons (D:1)
  6 endoplasms
  A giant cockroach (D:1)
  4 goblins (D:1)
  2 hobgoblins
  2 jackals (D:1)
  A quokka (D:1)
  4 bats (D:1)
  A frilled lizard (D:1)
  3 kobolds
  3 rats
35 creatures vanquished.

Vanquished Creatures (collateral kills)
  9 foxfires (D:1)
9 creatures vanquished.

Vanquished Creatures (others)
  84 foxfires
84 creatures vanquished.

Grand Total: 128 creatures vanquished

Notes
Turn   | Place    | Note
-------+----------+-------------------------------------------
     0 | D:1      | kae the Octopode Fire Elementalist began the quest for the
                  | Orb.
     0 | D:1      | Reached XP level 1. HP: 11/11 MP: 3/3
   318 | D:1      | Reached XP level 2. HP: 17/17 MP: 3/5
  1120 | D:1      | Reached XP level 3. HP: 21/22 MP: 4/6
  1556 | D:1      | Found a faded altar of an unknown god.
  1606 | D:2      | Learned a level 2 spell: Scorch
  1610 | D:2      | Learned a level 3 spell: Conjure Flame
  2017 | D:2      | Gained mutation: Your spells are a little harder to cast,
                  | but a little more powerful. [potion of mutation]
  2017 | D:2      | Gained mutation: Your body sometimes deteriorates upon
                  | taking damage. [potion of mutation]
  2017 | D:2      | Gained mutation: Your mind is acute. (Int +2) [potion of
                  | mutation]
  2017 | D:2      | Gained mutation: Your skin blends seamlessly with your
                  | surroundings (Stealth++). [potion of mutation]
  2018 | D:2      | Reached XP level 4. HP: 5/33 MP: 3/10
  2020 | D:2      | Slain by an adder

Illustrated notes

Levels and vault maps discovered:
D:1:      dpeg_arrival_subterranean_lakeside_camping, layout_basic,
          shapermc_ecumenical_altar_hornbeckon
D:2:      layout_loops_cross, serial_glass, glass_columns_b, glass_columns_a,
          glass_columns_c, glass_columns_c

Skill      XL: |  1  2  3 |
---------------+----------+-----
Stealth        | 3 6 |  6.4
Fighting       | 4 |  4.0
Dodging        | 4 |  4.4
Spellcasting   | 4 |  4.2
Conjurations   | 4 |  4.0
Fire Magic     | 6 |  6.6

Action                   |  1- 3 |  4- 6 || total
-------------------------+-------+-------++-------
Melee: Dagger            |    33 |       ||    33
       Tentacles         |     9 |       ||     9
       Constrict         |     5 |       ||     5
 Cast: Foxfire           |    55 |       ||    55
  Use: Potion            |     2 |       ||     2
       Scroll            |     1 |       ||     1
 Stab: Sleeping          |     2 |       ||     2
Armor: Skin              |     4 |       ||     4
Dodge: Dodged            |    35 |     4 ||    39

Table legend: (Time is in decaauts)
 A = Elapsed time spent in this place.
 B = Non-inter-level travel time spent in this place.
 C = Inter-level travel time spent in this place.
 D = Time resting spent in this place.
 E = Time spent auto-exploring this place.
 F = Levels seen in this place.
 G = Mean time per level.
                   A        B        C        D        E       F      G
               +--------+--------+--------+--------+--------+-----+--------+
         Total |   2019 |   1997 |     22 |      0 |   1724 |   2 | 1009.5 |
       Dungeon |   2019 |   1997 |     22 |      0 |   1724 |   2 | 1009.5 |
               +--------+--------+--------+--------+--------+-----+--------+

Top non-repeatable levels by time:
     D:1: 1601 daAuts
     D:2: 417 daAuts
